 Dungeon Crawl Stone Soup version 0.24.0-35-gdb84b6a5db (webtiles) character file.

Game seed: 9599152496301292504, levelgen mode: deterministic

6418 McKennaii the Cleaver (level 10, -1/76 HPs)
             Began as a Demonspawn Fighter on Nov 20, 2019.
             Was a Follower of Makhleb.
             Slain by an orc warrior
             ... wielding a +0 glaive
              (17 damage)
             ... on level 9 of the Dungeon.
             The game lasted 00:24:55 (8794 turns).

McKennaii the Cleaver (Demonspawn Fighter)          Turns: 8794, Time: 00:24:55

Health: -1/76      AC: 14    Str: 21    XL:     10   Next: 66%
Magic:  0/10       EV:  8    Int: 10    God:    Makhleb [*.....]
Gold:   41         SH: 11    Dex: 14    Spells: 9/9 levels left

rFire    . . .     SeeInvis .   v - +3 hand axe (freeze)
rCold    . . .     Gourm    .   c - +0 shield
rNeg     . . .     Faith    .   I - +0 chain mail
rPois    +         Spirit   +   (helmet restricted)
rElec    .         Reflect  .   q - +1 cloak
rCorr    .         Harm     .   (no gloves)
MR       .....                  (no boots)
Stlth    ..........             (no amulet)
HPRegen  0.22/turn              n - +3 ring of strength
MPRegen  0.12/turn              w - ring of poison resistance

@: about to teleport, studying Staves, lightly drained
A: antennae 1, icy blue scales 1, spiny 3, magic shield
a: Renounce Religion


You were on level 9 of the Dungeon.
You worshipped Makhleb.
Makhleb was aware of your devotion.
You were hungry.

You visited 2 branches of the dungeon, and saw 12 of its levels.
You also visited: Ossuary.

You collected 41 gold pieces.

Inventory:

Hand Weapons
 v - a +3 hand axe of freezing (weapon)
Armour
 c - a +0 shield (worn)
 q - a +1 cloak (worn)
 I - a +0 chain mail (worn)
Jewellery
 n - a +3 ring of strength (left hand)
 w - a ring of poison resistance (right hand)
Wands
 H - a wand of random effects (9)
Scrolls
 a - 2 scrolls of enchant armour
 e - 2 scrolls of teleportation
 g - 4 scrolls of remove curse
 i - 3 scrolls of fear
 j - 2 scrolls of fog {unknown}
 l - 4 scrolls of identify
 o - 2 scrolls of enchant weapon
 x - a scroll of noise {unknown}
 y - a scroll of torment {unknown}
 B - a scroll of silence {unknown}
 F - 2 scrolls of magic mapping {unknown}
Potions
 d - a potion of agility
 h - 2 potions of magic
 k - a potion of berserk rage {unknown}
 m - 3 potions of lignification {unknown}
 p - a potion of resistance {unknown}
 r - 3 potions of ambrosia {unknown}
 u - 3 potions of flight {unknown}
 E - a potion of degeneration {unknown}
Books
 C - a manual of Staves
Comestibles
 f - 8 rations


   Skills:
 + Level 6.0(5.9) Fighting
 * Level 10.2(10.1) Axes
 + Level 6.9(6.8) Armour
 + Level 3.7(3.6) Dodging
 + Level 1.4(1.3) Stealth
 + Level 6.5(6.4) Shields
 + Level 0.6 Unarmed Combat
 + Level 1.0(0.9) Evocations


You had 9 spell levels left.
You didn't know any spells.
Your spell library contained the following spells:

 Spells                   Type           Power        Failure   Level  Hunger
 Magic Dart               Conj           #...         100%        1    ##.....
 Blink                    Tloc           N/A          100%        2    ###....
 Call Imp                 Summ           #.......     100%        2    ###....
 Searing Ray              Conj           #.....       100%        2    ###....
 Slow                     Hex            #.......     100%        2    ###....
 Conjure Flame            Conj/Fire      #.......     100%        3    ####...
 Dazzling Spray           Conj/Hex       #.....       100%        3    ####...
 Mephitic Cloud           Conj/Pois/Air  #.......     100%        3    ####...
 Force Lance              Conj/Tloc      #.......     100%        4    #####..
 Fulminant Prism          Conj/Hex       #.........   100%        4    #####..
 Iskenderun's Mystic Bla  Conj           #.......     100%        4    #####..


Dungeon Overview and Level Annotations

Branches:
Dungeon (11/15)            Temple (1/1) D:7            Lair (0/6) D:9
    Orc (0/2) D:9         Ossuary (visited)

Altars:
Ashenzari
Cheibriados
Dithmenos
Elyvilon
Fedhas
Gozag
Hepliaklqana
Kikubaaqudgha
Makhleb
Nemelex Xobeh
Okawaru
Qazlal
Ru
Sif Muna
Trog
Uskayaw
Vehumet
Wu Jian
Xom
Yredelemnul
Zin
The Shining One

Shops:
D:9 %

Annotations:
D:8 3 runed translucent doors, Maurice; P0WERM0DE's ghost, novice MiFi


Innate Abilities, Weirdness & Mutations

You have a pair of small antennae on your head.
You are partially covered in icy blue scales. (AC +2)
You are completely covered in sharp spines.
When hurt, damage is shared between your health and your magic reserves.


Message History

Okay, then.
As you read the scroll of teleportation, it crumbles to dust.
You feel strangely unstable. The troll is struck by your spines.
The troll bites you. You block the troll's attack. The troll claws you!
* * * LOW HITPOINT WARNING * * *
You block the orc warrior's attack.
Unknown command.
You feel better. You block the troll's attack. The troll claws you.
* * * LOW HITPOINT WARNING * * *
You block the troll's attack. You block the orc warrior's attack.
The orc warrior completely misses you.
Unknown command.
You closely miss the orc warrior.
The orc warrior is almost dead.
You hit the troll. You freeze the troll. You block the troll's attack.
The troll closely misses you. The troll claws you.
* * * LOW HITPOINT WARNING * * *
The orc warrior hits you but does no damage.
The orc warrior hits you from afar with a +0 glaive!!
You die...

#########.# #.>.......####
########.#####......# #.Ko...#.#
#.#.##.# #.####.#.#####.#..#.#
#.# #K#.##....##.#.#
#####.####o#.##.#.....#.#
#...#....#o#.##.#.#####.#
#.#.#...oT@#.##.#.#...#.#
#.#.#.##.###.##.#.#...#.#
#.#.#o##.#....#.#.#.#.#.###
####.#.#.##........#.#...#....
#....#.#.####.####.#.#...#....
###.#.##.#....#......#.###.#....
#...#....####o#...#..#.....#.(.)
#.#######...>.#####......((((#..
##'#####.......o..##...).(....#)#


You could see a troll, 3 orc warriors and a big kobold.

Vanquished Creatures
  A two-headed ogre (D:10)
  A death yak (D:9)
  Pikel (D:7)
  Joseph (D:8)
  A hornet (D:8)
  2 hippogriffs
  A steam dragon (D:9)
  2 porcupines (D:9)
  2 slaves
  2 ice beasts
  3 orc warriors (D:9)
  2 ogres
  4 phantoms
  2 sky beasts (D:6)
  A necrophage (D:7)
  3 centaurs
  2 big kobolds
  3 bullfrogs
  2 water moccasin zombies (Ossuary)
  A wyvern skeleton (D:6)
  4 scorpions
  5 killer bees (D:10)
  2 howler monkeys
  4 crimson imps
  A centaur zombie (D:8)
  2 hounds
  A jelly (D:6)
  An orc priest (D:4)
  Natasha (thrice) (D:3)
  5 orc wizards
  A hell rat (D:9)
  4 worker ants
  A killer bee zombie (D:8)
  4 big kobold zombies (Ossuary)
  3 hound skeletons
  3 mummies
  4 gnolls
  6 adders
  A river rat (D:9)
  3 shadow imps
  An ooze (D:5)
  6 adder zombies
  2 adder skeletons
  2 dart slugs
  5 leopard geckos
  19 orcs
  5 bats (D:1)
  5 giant cockroaches
  A gnoll zombie (Ossuary)
  4 hobgoblins
  12 kobolds
  3 quokkas
  4 ball pythons
  6 frilled lizards
  8 goblins
  3 hobgoblin zombies
  5 kobold zombies
  7 orc zombies (Ossuary)
  A quokka zombie (D:5)
  9 rats
203 creatures vanquished.

Notes
Turn   | Place    | Note
-------+----------+-------------------------------------------
     0 | D:1      | McKennaii the Demonspawn Fighter began the quest for the
                  | Orb.
     0 | D:1      | Reached XP level 1. HP: 18/18 MP: 1/1
    10 | D:1      | You fall into a shaft and drop 1 floor!
   157 | D:2      | Gained mutation: You are partially covered in icy blue
                  | scales. (AC +2) [demonic ancestry]
   157 | D:2      | Reached XP level 2. HP: 16/24 MP: 2/2
   435 | D:2      | Reached skill level 2 in Axes
   435 | D:2      | Gained mutation: You have a pair of small antennae on your
                  | head. [demonic ancestry]
   435 | D:2      | Reached XP level 3. HP: 26/29 MP: 3/3
  1727 | D:3      | Gained mutation: You are partially covered in sharp spines.
                  | [demonic ancestry]
  1727 | D:3      | Reached XP level 4. HP: 23/35 MP: 4/4
  1785 | D:3      | Found a shimmering altar of Xom.
  1888 | D:3      | Noticed Natasha
  1893 | D:3      | Reached skill level 1 in Dodging
  1896 | D:3      | Killed Natasha
  1896 | D:3      | Reached skill level 3 in Axes
  2124 | D:3      | Noticed Natasha
  2159 | D:3      | Killed Natasha
  2159 | D:3      | Reached XP level 5. HP: 22/41 MP: 5/5
  2170 | D:3      | Noticed Natasha
  2175 | D:3      | Killed Natasha
  2324 | D:4      | Reached XP level 6. HP: 46/48 MP: 6/6
  2681 | D:4      | Reached skill level 4 in Axes
  2929 | D:5      | Entered Level 5 of the Dungeon
  3018 | D:5      | Found a sand-covered staircase.
  3024 | Ossuary  | Entered an ossuary
  3139 | Ossuary  | Reached XP level 7. HP: 53/53 MP: 7/7
  3182 | Ossuary  | Reached skill level 5 in Axes
  4213 | D:6      | Reached skill level 6 in Axes
  4356 | D:6      | Gained mutation: You are mostly covered in sharp spines.
                  | [demonic ancestry]
  4356 | D:6      | Reached XP level 8. HP: 31/60 MP: 8/8
  4627 | D:6      | Reached skill level 7 in Axes
  4647 | D:6      | Noticed a hippogriff
  4660 | D:6      | Killed a hippogriff
  4660 | D:6      | Reached skill level 5 in Armour
  4957 | D:6      | Found a sparkling altar of Nemelex Xobeh.
  4957 | D:6      | Found a bloodstained altar of Trog.
  4962 | D:6      | Found a shadowy altar of Dithmenos.
  4964 | D:6      | Found an ornate altar of the Wu Jian Council.
  4966 | D:6      | Found a basalt altar of Yredelemnul.
  5098 | D:7      | Found a hazy altar of Hepliaklqana.
  5099 | D:7      | Found a shimmering altar of Xom.
  5099 | D:7      | Noticed a hell beast
  5100 | D:7      | Noticed a hell beast
  5100 | D:7      | Noticed a spectral ugly thing
  5118 | D:7      | Noticed Pikel
  5330 | D:7      | Noticed a hippogriff
  5343 | D:7      | Killed a hippogriff
  5362 | D:7      | Reached skill level 8 in Axes
  5362 | D:7      | Gained mutation: You are completely covered in sharp
                  | spines. [demonic ancestry]
  5362 | D:7      | Reached XP level 9. HP: 56/66 MP: 9/9
  5447 | D:7      | Killed Pikel
  5447 | D:7      | Reached skill level 5 in Shields
  5472 | D:7      | Found a staircase to the Ecumenical Temple.
  5491 | Temple   | Entered the Ecumenical Temple
  5568 | Temple   | Became a worshipper of Makhleb the Destroyer
  5986 | D:7      | Found an iron altar of Okawaru.
  6011 | D:7      | Reached skill level 5 in Fighting
  6505 | D:8      | Noticed Joseph
  6616 | D:8      | Noticed Maurice
  6905 | D:8      | Noticed P0WERM0DE's ghost (novice MiFi)
  6929 | D:8      | Killed Joseph
  6929 | D:8      | Reached skill level 9 in Axes
  6929 | D:8      | Reached skill level 1 in Stealth
  7099 | D:8      | Found a sacrificial altar of Ru.
  7337 | D:8      | Found a shattered altar of Ashenzari.
  7434 | D:8      | Found a runed translucent gate.
  7434 | D:8      | Found a runed translucent gate.
  7434 | D:8      | Found a runed translucent gate.
  7475 | D:8      | Reached * piety under Makhleb
  7823 | D:9      | Noticed a two-headed ogre
  7828 | D:9      | Found a staircase to the Lair.
  7828 | D:9      | Noticed a death yak
  7828 | D:9      | Noticed a death yak
  7828 | D:9      | Noticed a death yak
  7829 | D:9      | You fall into a shaft and drop 2 floors!
  7844 | D:11     | Noticed a two-headed ogre
  7846 | D:11     | Noticed a white ugly thing
  7853 | D:10     | Entered Level 10 of the Dungeon
  7860 | D:10     | Gained mutation: When hurt, damage is shared between your
                  | health and your magic reserves. [demonic ancestry]
  7860 | D:10     | Reached XP level 10. HP: 38/74 MP: 10/10
  7861 | D:10     | Killed a two-headed ogre
  8179 | D:9      | Killed a death yak
  8179 | D:9      | Reached skill level 10 in Axes
  8179 | D:9      | Reached skill level 1 in Evocations
  8185 | D:9      | HP: 3/76 [death yak (3)]
  8208 | D:9      | Found Qeptaad's Food Shoppe.
  8731 | D:9      | Found a staircase to the Orcish Mines.
  8794 | D:9      | Slain by an orc warrior

Levels and vault maps discovered:
D:1:      tarquinn_simple_flora_water_e, layout_loops_cross, serial_bayou_lake_a
D:2:      layout_basic, minmay_circled_x
D:3:      layout_basic, xom_teletrap_fun, uniq_natasha
D:4:      layout_basic, minivault_23, minmay_crystal_water
D:5:      layout_basic, first_ration, nicolae_ossuary_entry_giza
D:6:      layout_rooms, chequers_temple_overflow_minitemple,
          chequers_serial_rivers_marsh, minmay_manual_maat
D:7:      layout_gridville, regret_index_temple_of_mockery, okawaru_gym_becter,
          minmay_temple_entry_glass, uniq_pikel
D:8:      layout_cave_pods, hangedman_ru_absence, ashenzari_altar_1,
          gammafunk_ghost_icy, uniq_maurice, uniq_joseph
D:9:      layout_basic, dpeg_lair_monsters,
          kennysheep_orc_monster_closet_entryway, serial_shops, shop,
          minivault_12, uniq_erica
D:10:     layout_basic, david_nohive_1, minmay_pinched_square
D:11:     layout_rooms, kennysheep_generic_room_10
Temple:   hc_temple_tempest_star

Skill      XL: |  1  2  3  4  5  6  7  8  9 10 |
---------------+-------------------------------+-----
Axes           | 2 3 4 6 8 9 10 | 10.2
Armour         | 3 4 5 6 |  6.9
Shields        | 3 4 5 6 |  6.5
Dodging        | 1 2 3 |  3.7
Fighting       | 4 5 6 |  6.0
Stealth        | 1 |  1.4
Evocations     | 1 |  1.0
Unarmed Combat | |  0.6

Action                   |  1- 3 |  4- 6 |  7- 9 | 10-12 || total
-------------------------+-------+-------+-------+-------++-------
Melee: War axe           |   140 |    61 |       |       ||   201
       Hand axe          |       |    80 |   362 |   119 ||   561
       Unarmed           |       |       |    14 |       ||    14
Evoke: Wand              |       |       |     6 |       ||     6
  Use: Potion            |     1 |       |     2 |     2 ||     5
       Scroll            |       |       |     5 |     4 ||     9
  Eat: Chunk             |     2 |     4 |     5 |     1 ||    12
       Ration            |       |       |     3 |     1 ||     4
Armor: Scale mail        |    83 |    56 |   115 |       ||   254
       Chain mail        |       |       |    15 |    29 ||    44
       Skin              |       |       |     4 |       ||     4
Dodge: Dodged            |    34 |    40 |   115 |    32 ||   221
Block: Shield            |    93 |    66 |   164 |    64 ||   387
